 Dungeon Crawl Stone Soup version 0.27.0-1-g7a089689b8 (webtiles) character file.

Game seed: 385270680030077813

2173 ZARRMARR the Cleaver (level 9, -7/75 HPs)
             Began as a Hill Orc Fighter on Aug 1, 2021.
             Was a Follower of Beogh.
             Shot with an arrow by a centaur warrior (21 damage)
             ... on level 8 of the Dungeon.
             The game lasted 00:33:32 (8148 turns).

ZARRMARR the Cleaver (Hill Orc Fighter)             Turns: 8148, Time: 00:33:32

Health: -7/75      AC:  9    Str: 22    XL:     9   Next: 32%
Magic:  9/9        EV:  8    Int:  8    God:    Beogh [*.....]
Gold:   429        SH: 11    Dex: 16    Spells: 8/8 levels left

rFire    . . .     SeeInvis +   a - +1 war axe
rCold    . . .     Faith    .   c - +0 kite shield
rNeg     . . .     Spirit   .   b - +0 scale mail
rPois    .         Reflect  .   w - +2 hat
rElec    .         Harm     .   (no cloak)
rCorr    .         Rampage  .   (no gloves)
Will     .....                  (no boots)
Stlth    ..........             (no amulet)
HPRegen  0.22/turn              h - +6 ring of dexterity
MPRegen  0.11/turn              u - ring of see invisible

@: very slightly contaminated, invisible (expiring)
A: no striking features
a: Renounce Religion


You were on level 8 of the Dungeon.
You worshipped Beogh.
Beogh was aware of your devotion.
You visited 1 branch of the dungeon, and saw 8 of its levels.

You collected 429 gold pieces.

Inventory:

Hand Weapons
 a - a +1 war axe (weapon)
 d - a +2 scythe of holy wrath
 l - a +4 short sword
 t - a +2 short sword of draining
Missiles
 e - 217 stones
 x - 18 boomerangs (quivered)
Armour
 b - a +0 scale mail (worn)
 c - a +0 kite shield (worn)
 g - a +2 robe of resistance
 w - a +2 hat (worn)
Magical Staves
 k - a staff of air
Jewellery
 h - a +6 ring of dexterity (left hand)
 p - an amulet of magic regeneration
 u - a ring of see invisible (right hand)
 y - a ring of willpower
Scrolls
 f - a scroll of teleportation
 i - 3 scrolls of enchant armour
 j - 3 scrolls of amnesia
 r - a scroll of immolation
Potions
 n - 3 potions of brilliance
 q - a potion of attraction {unknown}
 s - 2 potions of lignification
 v - a potion of haste


   Skills:
 + Level 5.6 Fighting
 + Level 9.0 Axes
 + Level 5.0 Throwing
 + Level 7.0 Armour
 + Level 1.6 Dodging
 + Level 5.7 Shields


You had 8 spell levels left.
You didn't know any spells.
Your spell library contained the following spells:

 Spells                   Type           Power      Damage    Failure   Level
 Beastly Appendage        Tmut           0%         N/A       98%         1
 Freeze                   Ice            0%         1d3       98%         1
 Corpse Rot               Necr/Air       N/A        N/A       99%         2
 Ensorcelled Hibernation  Hex/Ice        0%         N/A       99%         2
 Poisonous Vapours        Pois/Air       0%         N/A       99%         2
 Wereblood                Tmut           0%         N/A       99%         2
 Frozen Ramparts          Ice            0%         1d2       100%        3
 Spider Form              Tmut/Pois      0%         N/A       100%        3
 Stone Arrow              Conj/Erth      0%         3d7       100%        3
 Hailstorm                Conj/Ice       0%         3d3       100%        4
 Bolt of Magma            Conj/Fire/Erth 0%         4d4       100%        5
 Freezing Cloud           Conj/Ice/Air   0%         6-21      100%        5
 Shadow Creatures         Summ           N/A        N/A       100%        6
 Shatter                  Erth           0%         3d5*      100%        9


Dungeon Overview and Level Annotations

Branches:
Dungeon (8/15)             Temple (0/1) D:4
   Lair: D:8-11

Altars:
Fedhas
Hepliaklqana
Kikubaaqudgha
Okawaru
Qazlal
Yredelemnul
Zin

Shops:
D:4 *   D:5 [   D:8 [

Annotations:
D:6 Blork the orc


Message History

The killer bee is severely wounded.
The killer bee stings you.
* * * LOW HITPOINT WARNING * * *
You are poisoned.
The killer bee poisons you! You block the killer bee's attack.
You slash the killer bee!
You kill the killer bee!
Beogh accepts your kill.
You feel very sick.
Your Throwing skill increases to level 5!
You start resting.
You feel sick. x5
You are no longer poisoned.
You start resting.
A slime creature comes into view.
Throw: 18 boomerangs
Press: ? - help, Q - select action, (/) - cycle Shift-Dir - straight line, f - slime creature
Aim: a slime creature (wandering, hasn't noticed you, 84% to hit)
You throw a boomerang. The boomerang hits the slime creature!
The slime creature is lightly wounded.
The slime creature quivers.
You start resting.
A centaur warrior comes into view.
Throw: 18 boomerangs
Press: ? - help, Q - select action, (/) - cycle Shift-Dir - straight line, f - centaur warrior
Aim: a centaur warrior, quivering arrows (wandering, hasn't noticed you, 71% to hit)
You throw a boomerang. The centaur warrior shouts!
The boomerang hits the centaur warrior!
The centaur warrior is moderately wounded.
The centaur warrior wields a +0 shortbow.
The centaur warrior shoots an arrow.
The arrow hits you.
* * * LOW HITPOINT WARNING * * *
Throw: 18 boomerangs
Press: ? - help, Q - select action, (/) - cycle Shift-Dir - straight line, f/p - centaur warrior
Aim: a centaur warrior, wielding a +0 shortbow and quivering arrows (moderately wounded, 71% to hit)
You throw a boomerang. The boomerang hits the centaur warrior!
The centaur warrior is heavily wounded.
You flicker for a moment.
The centaur warrior shoots an arrow.
The arrow hits you!!
You die...

....................##....#
#..####.##J##.....###.#.# ######
#.................###.#.##
......##..#.........<....##......
..........#.##.#.c####....>..#.##
#####...........))# ##..##..#.#
####..#.......# #..##....#
########.###.#.#†## #..##...##
........## ##..#@# ...##.†.#
######.## ##.#.# ......)).# #...
.#.# #.#.##...# #..... #.#
#......# #.....# #.. ∩....#
#.....# ### ....o.# #......#
###....# #.#.#... #.....


You could see a slime creature (wandering) and a centaur warrior.

Vanquished Creatures
  Sigmund (D:4)
  A water moccasin (D:8)
  An ice beast (D:7)
  3 orc warriors
  A necrophage (D:7)
  2 sky beasts
  2 ogres
  2 centaurs
  A phantom (D:5)
  A wyvern zombie (D:7)
  2 scorpions
  A bullfrog (D:6)
  2 killer bees (D:8)
  A howler monkey (D:8)
  5 jellies
  A hound (D:5)
  A bullfrog skeleton (D:7)
  Natasha (thrice) (D:2)
  4 orc wizards
  An adder (D:4)
  A white imp (D:6)
  2 ufetubi
  An adder skeleton (D:4)
  A worm (D:2)
  A dart slug (D:1)
  8 orcs
  4 bats
  7 endoplasms
  3 giant cockroaches
  4 goblins
  5 hobgoblins
  8 jackals
  3 kobolds
  5 quokkas
  7 ball pythons
  2 frilled lizards
  6 rats
104 creatures vanquished.

Vanquished Creatures (others)
  8 plants (D:2)
8 creatures vanquished.

Grand Total: 112 creatures vanquished

Notes
Turn   | Place    | Note
-------+----------+-------------------------------------------
     0 | D:1      | ZARRMARR the Hill Orc Fighter began the quest for the Orb.
     0 | D:1      | Reached XP level 1. HP: 19/19 MP: 1/1
   132 | D:1      | Reached XP level 2. HP: 23/27 MP: 2/2
   585 | D:1      | Reached skill level 3 in Axes
   830 | D:1      | Reached XP level 3. HP: 33/33 MP: 3/3
  1113 | D:2      | Noticed Natasha
  1119 | D:2      | Killed Natasha
  1167 | D:2      | Reached skill level 1 in Throwing
  1210 | D:2      | Noticed Natasha
  1216 | D:2      | Killed Natasha
  1217 | D:2      | Reached skill level 4 in Axes
  1217 | D:2      | Reached XP level 4. HP: 32/40 MP: 4/4
  1279 | D:2      | Found a faded altar of an unknown god.
  1450 | D:2      | Noticed Natasha
  1457 | D:2      | Killed Natasha
  1848 | D:2      | Reached XP level 5. HP: 42/46 MP: 5/5
  2158 | D:3      | Became a worshipper of Beogh the Brigand
  2409 | D:3      | Found a basalt altar of Yredelemnul.
  2410 | D:3      | Found a glowing silver altar of Zin.
  2471 | D:3      | Found a blossoming altar of Fedhas.
  2651 | D:3      | Found a hazy altar of Hepliaklqana.
  2748 | D:3      | Found an iron altar of Okawaru.
  3092 | D:4      | Noticed Sigmund
  3378 | D:4      | Killed Sigmund
  3379 | D:4      | Reached skill level 5 in Axes
  3379 | D:4      | Reached XP level 6. HP: 39/52 MP: 6/6
  3982 | D:4      | Found a stormy altar of Qazlal.
  4064 | D:4      | Found Bostel's Neck Hole.
  4137 | D:4      | Reached XP level 7. HP: 28/59 MP: 7/7
  4442 | D:4      | Reached skill level 6 in Axes
  4663 | D:4      | Found a staircase to the Ecumenical Temple.
  4809 | D:5      | Entered Level 5 of the Dungeon
  4809 | D:5      | Found Xoiset's Armour Boutique.
  4831 | D:5      | Reached skill level 5 in Armour
  5943 | D:6      | Reached skill level 7 in Axes
  5943 | D:6      | Reached skill level 1 in Dodging
  5943 | D:6      | Reached XP level 8. HP: 54/67 MP: 8/8
  6174 | D:6      | Noticed Blork the orc
  6219 | D:7      | Found an ancient bone altar of Kikubaaqudgha.
  6311 | D:7      | Reached skill level 5 in Fighting
  6311 | D:7      | Reached skill level 5 in Shields
  6553 | D:7      | Reached skill level 8 in Axes
  7812 | D:8      | Reached XP level 9. HP: 68/74 MP: 9/9
  7886 | D:8      | Reached * piety under Beogh
  7939 | D:8      | Found Runyech's Armour Emporium.
  8047 | D:8      | Reached skill level 9 in Axes
  8114 | D:8      | Reached skill level 5 in Throwing
  8146 | D:8      | Noticed a centaur warrior
  8148 | D:8      | Shot with an arrow by a centaur warrior

Illustrated notes

Levels and vault maps discovered:
D:1:      psy_arrival_basics, layout_loops_corners, st_stairs_2
D:2:      layout_basic, dilly_ecumenical_altar_fadedgnrine, uniq_natasha
D:3:      layout_loops_corners, mainiacjoe_overflow_alcove_2,
          nzn_hepliaklqana_mist_gate, gammafunk_temple_overflow_forgotten,
          chequers_mini_garden
D:4:      layout_loops_ring, mainiacjoe_overflow_paths, temple_hall_moat,
          nicolae_shop_sticking_my_neck_out, uniq_sigmund
D:5:      layout_loops_ring, serial_shops, nicolae_stop_n_shop_1,
          serial_bayou_pond_a
D:6:      layout_loops_ring, mainiacjoe_overflow_tiny_flanked, chequers_garden,
          uniq_blork_the_orc
D:7:      layout_layer_cave, mainiacjoe_overflow_cross_hatched
D:8:      minmay_the_grid_octo_tiled_octocenter
          [minmay_the_grid_octo_fan_narrow, minmay_the_grid_octo_fat_diamond,
          minmay_the_grid_octo_horde, minmay_the_grid_octo_toaster,
          minmay_the_grid_octo_prize_square_snowflake,
          minmay_the_grid_square_5x5_bite,
          minmay_the_grid_square_5x5_pentomino_r,
          minmay_the_grid_square_5x5_six, minmay_the_grid_square_5x5_inner_v],
          layout_loops_ring, old_standard_altar, serial_shops, shop

Skill      XL: |  1  2  3  4  5  6  7  8  9 |
---------------+----------------------------+-----
Axes           | 3 4 5 7 8 9 |  9.0
Throwing       | 1 2 3 4 5 |  5.0
Fighting       | 4 5 |  5.6
Armour         | 4 5 6 7 |  7.0
Shields        | 4 5 |  5.7
Dodging        | 1 |  1.6

Action                   |  1- 3 |  4- 6 |  7- 9 || total
-------------------------+-------+-------+-------++-------
Melee: War axe           |    61 |    75 |   131 ||   267
Throw: Stone             |    39 |    55 |    52 ||   146
       Dart              |     9 |    25 |       ||    34
       Boomerang         |       |       |    45 ||    45
Invok: Convert to Beogh  |       |     1 |       ||     1
  Use: Scroll            |     3 |     2 |     6 ||    11
       Potion            |       |     1 |     2 ||     3
Armor: Scale mail        |    33 |    19 |    38 ||    90
Dodge: Dodged            |    17 |    22 |    47 ||    86
Block: Kite shield       |    24 |    37 |    88 ||   149
